 Dungeon Crawl Stone Soup version 0.25-a0-251-g572059c536 (webtiles) character file.

Game seed: 15386043248490639031, levelgen mode: deterministic

88 DavidChitty2 the Covered (level 4, 13/29 HPs)
             Began as a Gargoyle Fighter on Dec 4, 2019.
             Quit the game on level 3 of the Dungeon.
             The game lasted 00:02:37 (2554 turns).

DavidChitty2 the Covered (Gargoyle Fighter)         Turns: 2554, Time: 00:02:38

Health: 13/29      AC: 12    Str: 21      XL:     4   Next: 53%
Magic:  4/4        EV:  7    Int:  7 (8)  God:
Gold:   99         SH:  0    Dex:  6 (9)  Spells: 3/3 levels left

rFire    . . .     SeeInvis .   a - +0 flail
rCold    . . .     Gourm    .   c - +0 shield
rNeg     + . .     Faith    .   b - +0 scale mail
rPois    ∞         Spirit   .   (no helmet)
rElec    +         Reflect  .   (no cloak)
rCorr    .         Harm     .   h - +1 pair of gloves
MR       .....                  (no boots)
Stlth    ..........             (no amulet)
HPRegen  0.09/turn              (no ring)
MPRegen  0.09/turn              (no ring)

@: confused
A: negative energy resistance 1, electricity resistance, unbreathing,
petrification resistance, rot immunity, AC +3
a: no special abilities


You were on level 3 of the Dungeon.
You were very hungry.

You visited 1 branch of the dungeon, and saw 3 of its levels.

You collected 99 gold pieces.

Inventory:

Hand Weapons
 a - a +0 flail (weapon)
Armour
 b - a +0 scale mail (worn)
 c - a +0 shield (worn)
 h - a +1 pair of gloves (worn)
   (You found it on level 1 of the Dungeon)
Wands
 t - a wand of flame (4)
   (You took it off Ijyb on level 2 of the Dungeon)
Scrolls
 i - 2 scrolls of fear {unknown}
 j - a scroll of immolation {unknown}
 k - a scroll of amnesia {unknown}
 m - a scroll of teleportation {unknown}
 n - a scroll of magic mapping {unknown}
 o - a scroll of remove curse {unknown}
 q - 2 scrolls of fog {unknown}
Potions
 d - a potion of might
Comestibles
 e - 6 rations {!d}


   Skills:
 + Level 3.9 Fighting
 * Level 3.2 Maces & Flails
 + Level 3.9 Armour
 + Level 3.8 Shields


You had 3 spell levels left.
You didn't know any spells.
Your spell library was empty.

Dungeon Overview and Level Annotations

Branches:
Dungeon (3/15)

Altars:

Annotations:
D:3 Sigmund


Innate Abilities, Weirdness & Mutations

You are resistant to torment.
Your stone body is resilient. (AC +3)
You are immune to poison.
You resist negative energy. (rN+)
You are resistant to electric shocks. (rElec)
You can survive without breathing.
You are immune to petrification.
You are immune to rotting.


Message History

The gnoll hits you from afar with a +0 halberd.
* * * LOW HITPOINT WARNING * * *
Sigmund mumbles some strange words.
Sigmund flickers and vanishes!
Deactivating autopickup; reactivate with Ctrl-A.
There is a stone staircase leading up here.
You block the gnoll's attack.
There is a stone staircase leading up here.
You block the gnoll's attack.
You climb upwards.
Reactivating autopickup.
There is a stone staircase leading down here.
You thump the gnoll!
You kill the gnoll!
You feel your strength returning.
You see here a +0 halberd.
You start resting.
You are feeling very hungry.
You start resting.
Unknown command.
You see here a +0 flail.
There is a stone staircase leading down here.
You climb downwards.
Level annotation: Sigmund The gnoll hits you from afar with a +0 spear.
There is a stone staircase leading up here.
You block Sigmund's attack. The gnoll hits you but does no damage.
You barely miss Sigmund. Sigmund barely misses you.
You block the gnoll's attack.
You barely miss Sigmund. The gnoll hits you but does no damage.
Sigmund hits you with a +0 scythe.
You closely miss Sigmund. The gnoll hits you with a +0 spear.
Sigmund mumbles some strange words.
Sigmund flickers and vanishes!
Deactivating autopickup; reactivate with Ctrl-A.
The gnoll hits you but does no damage.
You barely miss the gnoll.
You hear some strange, mumbled words.
Something tries to affect you, but you resist.
The gnoll barely misses you.
You thump the gnoll! Something hits you. You block the gnoll's attack.
Unknown command.
You block the gnoll's attack.
You hear some strange, mumbled words.
You are confused.
You closely miss the gnoll. The gnoll barely misses you. Something hits you.
* * * LOW HITPOINT WARNING

* * * #########
#.......# #.......#
#...<...# #....@..#
#...g{..# #.......#
#.(.....##### ###
####........# #..
#..#####.# #.#
#...# ###.###
...#...
#.(...####.#.......


You could see a gnoll.

Vanquished Creatures
  Ijyb (D:2)
  2 gnolls (D:2)
  A dart slug (D:2)
  A leopard gecko (D:2)
  A bat (D:1)
  3 giant cockroaches (D:1)
  6 goblins
  2 hobgoblins
  5 jackals
  4 kobolds
  5 frilled lizards
  9 rats
40 creatures vanquished.

Notes
Turn   | Place    | Note
-------+----------+-------------------------------------------
     0 | D:1      | DavidChitty2 the Gargoyle Fighter began the quest for the
                  | Orb.
     0 | D:1      | Reached XP level 1. HP: 14/14 MP: 1/1
    10 | D:1      | Noticed a bullfrog
   294 | D:1      | Reached XP level 2. HP: 15/19 MP: 2/2
   939 | D:2      | Reached XP level 3. HP: 23/23 MP: 3/3
  1752 | D:3      | Noticed Sigmund
  1752 | D:3      | Noticed Ijyb
  1953 | D:2      | Killed Ijyb
  1953 | D:2      | Reached XP level 4. HP: 6/29 MP: 4/4
  2554 | D:3      | Quit the game

Levels and vault maps discovered:
D:1:      evilmike_arrival_come_back, layout_rooms
D:2:      layout_basic, first_ration
D:3:      layout_loops_cross, nicolae_overflow_hidden_temple, minivault_11,
          uniq_robin, uniq_terence, uniq_sigmund, uniq_ijyb

Skill      XL: |  1  2  3 |
---------------+----------+-----
Maces & Flails | 3 |  3.2
Fighting       | |  3.9
Armour         | |  3.9
Shields        | |  3.8

Action                   |  1- 3 |  4- 6 || total
-------------------------+-------+-------++-------
Melee: Flail             |   163 |     8 ||   171
  Use: Potion            |     4 |       ||     4
  Eat: Chunk             |     3 |     1 ||     4
Armor: Scale mail        |    93 |     3 ||    96
Dodge: Dodged            |    68 |     3 ||    71
Block: Shield            |    95 |     6 ||   101

Table legend:
 A = Non-vault XP
 B = Vault XP
 C = Vault XP percentage of total XP
 D = Non-vault monster count
 E = Vault monster count
 F = Vault count percentage of total count
                 A         B        C        D         E       F
            +---------+---------+-------+---------+---------+-------
      Total |      88 |      38 |  30.2 |      39 |       1 |   2.5
            +---------+---------+-------+---------+---------+-------
        D:1 |      16 |       0 |   0.0 |      10 |       0 |   0.0
        D:2 |      66 |      38 |  36.5 |      25 |       1 |   3.8
        D:3 |       6 |       0 |   0.0 |       4 |       0 |   0.0
            +---------+---------+-------+---------+---------+-------
